 Dungeon Sprint DCSS version 0.18-a0-1577-gf591c28 (webtiles) character file.

21 pipel the Chopper (level 2, 0/45 HPs)
             Began as a Deep Dwarf Berserker on Mar 19, 2016.
             Was a Follower of Trog.
             Slain by a hornet (10 damage)
             ... in the Dungeon (Sprint VII: "The Pits").
             The game lasted 00:00:37 (41 turns).

pipel the Chopper (Deep Dwarf Berserker)              Turns: 41, Time: 00:00:37

Health: 0/45       AC:  2    Str: 25    XL:     2   Next: 62%
Magic:  2/2        EV: 13    Int:  7    God:    Trog [*.....]
Gold:   0          SH:  0    Dex: 12    Spells: 0 memorised, 1 level left

rFire  . . .     SeeInvis .     a - +0 hand axe
rCold  . . .     Gourm    .     b - +0 animal skin
rNeg   . . .     Faith    .     (no shield)
rPois  .         Spirit   .     (no helmet)
rElec  .         Dismiss  .     (no cloak)
rCorr  .         Reflect  .     (no gloves)
SustAt .         Harm     .     (no boots)
MR     .....     NoTele   +     (no amulet)
Stlth  ..........               (no ring)
                                (no ring)

@: berserking, lethally poisoned (0 -> -3), very slightly contaminated,
non-regenerating, hasted, very quick, not resistant to hostile enchantments,
extremely unstealthy
A: damage resistance, recharge devices, sense surroundings 1, slow regeneration
3
a: Device Recharging, Berserk, Burn Spellbooks, Renounce Religion


You were in the Dungeon.
You worshipped Trog.
Trog was aware of your devotion.
You were not hungry.

You visited 1 branch

Inventory:

Hand Weapons
 a - a +0 hand axe (weapon)
Armour
 b - a +0 animal skin (worn)
Wands
 c - a wand of heal wounds (5/9)
Scrolls
 j - a scroll of blinking
Potions
 e - a potion of curing
 h - 2 potions of magic
 i - a potion of berserk rage
Comestibles
 d - a bread ration


   Skills:
 + Level 4.0 Fighting
 + Level 4.9 Axes
 + Level 2.9 Armour
 + Level 2.9 Dodging


You had one spell level left.
You didn't know any spells.

Dungeon Overview and Level Annotations

Branches:
Dungeon (1/1)

Altars:


Innate Abilities, Weirdness & Mutations

You are resistant to damage.
You can recharge devices by infusing magical energy.
You passively map a small area around you.
You do not regenerate naturally.


Message History

You feel yourself moving faster!
You feel mighty!
You feel somewhat more hungry.
You now have 28/45 hp.
You slash the hornet!
The hornet is moderately wounded.
The hornet misses you. The hornet stings you!
* * * LOW HITPOINT WARNING * * *
You are more poisoned.
You feel yourself slow down.
You take 15 damage, and have 13/45 hp.
MASSIVE DAMAGE!!
You slash the hornet!
The hornet is heavily wounded.
You feel yourself speed up.
You feel sick. The hornet completely misses you.
You take 2 damage, and have 11/45 hp.
Unknown command.
You slash the hornet!
The hornet is severely wounded.
You feel sick. The hornet stings you!
You die...

, ####'#####')######
* * #.......##''# *
#.......##..# **,, ,*
#.......##..# , # *
#...<...##..# , *.##
* #.......##..# *...#
#.......##..## r....
,
#.......##...##3RY...
* ,
##########...@yther..
#...##.YY... * ,
#..## Y4...* , ,
*#..#*, ...#*, , ,
#..# .## , ,, #..#*
,* # ,, * #..* , * *
* *


You could see a sun demon, a polar bear, a hornet, a deep elf mage, a sixfirhy,
an efreet, a crocodile, 2 hell rats and 4 sheep.

Vanquished Creatures
  A sheep (D)
  An orc (D)
2 creatures vanquished.

Notes
Turn   | Place    | Note
--------------------------------------------------------------
     0 | D        | pipel the Deep Dwarf Berserker began the quest for the Orb.
     0 | D        | Reached XP level 1. HP: 20/20 MP: 1/1
    12 | D        | Noticed a hornet
    26 | D        | Noticed a sheep
    26 | D        | Noticed a sheep
    26 | D        | Noticed a sheep
    27 | D        | Noticed a shadow
    27 | D        | Noticed a polar bear
    27 | D        | Noticed a sheep
    27 | D        | Noticed a sheep
    28 | D        | Noticed a deep elf mage
    28 | D        | Noticed a crocodile
    28 | D        | Noticed an efreet
    31 | D        | Noticed a sun demon
    32 | D        | Noticed a sixfirhy
    37 | D        | Noticed a hell rat
    37 | D        | Noticed a hell rat
    37 | D        | Killed a sheep
    37 | D        | Reached XP level 2. HP: 27/30 MP: 2/2
    41 | D        | Slain by a hornet

Vault maps used:
D:        pitsprint

Skill      XL: |  1 |
---------------+----+-----
Fighting       | 4 |  4.0
Axes           | 4 |  4.9
Armour         | |  2.9
Dodging        | |  2.9

Action                   || total
-------------------------++-------
Melee: Hand axe          ||    11
Invok: Berserk           ||     1
  Use: Potion            ||     2
